 Dungeon Crawl Stone Soup version 0.30-a0-989-g0d87f670db (webtiles) character file.

Game seed: 9880381238142211650

352043 ywein the Eclecticist (level 23, -8/193 HPs)
             Began as a Djinni Conjurer on Apr 2, 2023.
             Was the Champion of Ashenzari.
             Mangled by an eldritch tentacle (23 damage)
             ... called by Vivivvi's ghost
             ... on level 3 of the Vaults.
             The game lasted 03:29:56 (39819 turns).

ywein the Eclecticist (Djinni Conjurer)            Turns: 39819, Time: 03:29:56

Health: -8/193     AC: 15    Str: 15    XL:     23   Next: 26%
Gold:   1905       EV: 24    Int: 35    God:    Ashenzari [******] SH: 26 Dex: 25

rFire   + + .      SeeInvis +    R - staff of conjuration "Adversity of Ashenzari" (curse) {Will+ Str+4, Self, Range} (curse)
rCold   . . .      Faith    .    W - +2 tower shield of Ashenzari's Jealousy {rC+, Cun, Self} (curse)
rNeg    + . .      Spirit   .    E - +0 ring mail "Cursed Loss" {Contam rCorr Int+8, Evo, Cun} (curse)
rPois   ∞          Reflect  .    T - +1 helmet of the Prophetic Pleiades {SInv, Melee, Self} (curse)
rElec   .          Rampage  .    o - scarf of the Ruined Augurer {repulsion, Melee, Fort} (curse)
rCorr   +          Clarity  +    N - +2 pair of gloves "Pangnostic Oracle" {Str+3, Self, Range} (curse)
Will    ++...                    (boots unavailable)
Stlth   ++++++                   U - amulet "Share My Oracle" {Will- Regen+ rCorr Dex+5, Self, Range} (curse)
HPRegen 1.32/turn                d - ring "Unveiling Fetters" {Dex+6, Self, Melee} (curse)
MPRegen 0.00/turn                a - ring "Lashed Sybil" {rN+, Fort, Evo} (curse)

@: flying, slowed, studying Polearms, repel missiles, very slow
A: sickness immunity, fire resistance 2, cold vulnerability 1, float, innate
caster, HP casting, extra vitality 1, screaming 1
}: 2/15 runes: decaying, serpentine
a: Renounce Religion, Shatter the Chains


You were on level 3 of the Vaults.
You worshipped Ashenzari.
Ashenzari was exalted by your worship.
You visited 10 branches of the dungeon, and saw 38 of its levels.
You visited 1 bazaar.
You also visited: Trove, Sewer, Gauntlet and Ice Cave.

You collected 3416 gold pieces.
You spent 1511 gold pieces at shops.

Inventory:

Hand Weapons
 V - the +3 war axe of Truth {heavy, rN+ Will+}
   (You found it on level 3 of the Vaults)

   rN:        It protects you from negative energy.
   Will:      It increases your willpower.
Armour
 o - the cursed scarf of the Ruined Augurer (worn) {repulsion, Melee, Fort}
   (You found it on level 3 of the Dungeon)

   It has a curse which improves the following skills: Melee Combat: Short
   Blades, Long Blades, Axes, Maces & Flails, Polearms, Staves and Unarmed
   Combat.
   Fortitude: Armour and Shields.
 E - the cursed +0 ring mail "Cursed Loss" (worn) {Contam rCorr Int+8, Evo, Cun}
   (You bought it in a shop on level 1 of the Snake Pit)

   Int:       It affects your intelligence (+8).
   Contam:    It causes magical contamination when unequipped.
   rCorr:     It protects you from acid and corrosion.
   It has a curse which improves the following skills: Evocations: Evocations.
   Cunning:   Dodging and Stealth.
 K - the +1 robe of Vipeke {rC+++ Str-5 Slay+4 Stlth+}
   (You bought it in a shop in a bazaar)

   Str:       It affects your strength (-5).
   Slay:      It affects your accuracy & damage with ranged weapons and melee
   (+4).
   rC:        It renders you almost immune to cold.
   Stlth:     It makes you more stealthy.
 N - the cursed +2 pair of gloves "Pangnostic Oracle" (worn) {Str+3, Self, Range}
   (You found it on level 2 of the Lair of Beasts)

   It has a curse which improves the following skills: Introspection: Fighting
   and Spellcasting.
   Ranged Combat: Ranged Weapons and Throwing.
 P - a +2 hat
 T - the cursed +1 helmet of the Prophetic Pleiades (worn) {SInv, Melee, Self}
   (You found it in a Gauntlet)

   It has a curse which improves the following skills: Melee Combat: Short
   Blades, Long Blades, Axes, Maces & Flails, Polearms, Staves and Unarmed
   Combat.
   Introspection: Fighting and Spellcasting.
 W - the cursed +2 tower shield of Ashenzari's Jealousy (worn) {rC+, Cun, Self}
   (You found it in an ice cave)

   It has a curse which improves the following skills: Cunning: Dodging and
   Stealth.
   Introspection: Fighting and Spellcasting.
 X - a +1 crystal plate armour of cold resistance
Magical Staves
 b - a staff of cold
 R - the cursed staff of conjuration "Adversity of Ashenzari" (weapon) {Will+ Str+4, Self, Range}
   (You found it in a Gauntlet)

   [staff of conjuration]

   Your inability to study Conjurations prevents you from drawing on the full
   power of this staff in melee.
   Base accuracy: +5 Base damage: 5 Base attack delay: 1.2 This weapon's minimum
   attack delay (0.6) is reached at skill level 12.
   Str:       It affects your strength (+4).
   Will:      It increases your willpower.
   It falls into the 'Staves' category.
   It is a one-handed weapon.
   It has a curse which improves the following skills: Introspection: Fighting
   and Spellcasting.
   Ranged Combat: Ranged Weapons and Throwing.
 S - a staff of air
Jewellery
 a - the cursed ring "Lashed Sybil" (right hand) {rN+, Fort, Evo}
   (You found it on level 5 of the Lair of Beasts)

   [ring of positive energy]

   rN:        It protects you from negative energy.
   It has a curse which improves the following skills: Fortitude: Armour and
   Shields.
   Evocations: Evocations.
 d - the cursed ring "Unveiling Fetters" (left hand) {Dex+6, Self, Melee}
   (You found it on level 1 of the Dungeon)

   [ring of dexterity]

   Dex:       It affects your dexterity (+6).
   It has a curse which improves the following skills: Introspection: Fighting
   and Spellcasting.
   Melee Combat: Short Blades, Long Blades, Axes, Maces & Flails, Polearms,
   Staves and Unarmed Combat.
 i - the ring of Parex {Drain rPois rC+ Int+2 SInv}
   (You found it in an ice cave)

   [ring of protection from cold]

   Int:       It affects your intelligence (+2).
   rC:        It protects you from cold.
   rPois:     It protects you from poison.
   SInv:      It lets you see invisible.
   Drain:     It drains your maximum health when unequipped.
 B - the amulet "Duuha" {Reflect Harm rF+ SH+5}
   (You found it in a treasure trove)

   [amulet of reflection]

   It reflects blocked missile attacks.
   rF:        It protects you from fire.
   SH:        It affects your SH (+5).
   Harm:      It increases damage dealt and taken.
 U - the cursed amulet "Share My Oracle" (around neck) {Will- Regen+ rCorr Dex+5, Self, Range}
   (You found it in a treasure trove)

   [amulet of regeneration]

   Dex:       It affects your dexterity (+5).
   Regen:     It increases your rate of health regeneration.
   rCorr:     It protects you from acid and corrosion.
   Will:      It decreases your willpower.
   It has a curse which improves the following skills: Introspection: Fighting
   and Spellcasting.
   Ranged Combat: Ranged Weapons and Throwing.
Wands
 l - a wand of mindburst (18)
 s - a wand of quicksilver (24)
 u - a wand of roots (35)
 G - a wand of charming (32)
 L - a wand of polymorph (18)
Scrolls
 f - 3 scrolls of poison
 h - 4 scrolls of enchant armour
 j - 3 scrolls of silence
 k - 4 scrolls of fog
 m - 5 scrolls of teleportation
 w - 4 scrolls of brand weapon
 x - 8 scrolls of blinking
 z - a scroll of butterflies
 A - 9 scrolls of magic mapping
 C - 6 scrolls of fear
 M - 8 scrolls of enchant weapon
Potions
 e - 10 potions of brilliance
 g - 14 potions of heal wounds
 n - 5 potions of might
 p - 9 potions of resistance
 q - 6 potions of haste
 D - 18 potions of curing
 I - 3 potions of invisibility
 J - 5 potions of cancellation
 O - 4 potions of mutation
Miscellaneous
 r - a lightning rod (4/4)
 t - a phial of floods
 v - a condenser vane
 y - a box of beasts
 Q - a phantom mirror
 Y - a lightning rod (4/4)


   Skills:
 + Level 17.1(24.5) Fighting
 - Level 2.7(6.4) Polearms
 - Level 13.3(16.8) Armour
 - Level 13.7(17.2) Dodging
 - Level 11.7(15.3) Stealth
 + Level 15.1(18.6) Shields
 + Level 18.9(26.2) Spellcasting
 + Level 7.5(11.1) Evocations


You knew the following spells:

 Your Spells              Type           Power      Damage    Failure   Level
a - Magic Dart            Conj           100%       1d8       0%          1
b - Searing Ray           Conj           100%       2d8       0%          2
c - Dazzling Flash        Conj/Hex       100%       N/A       0%          3
d - Fulminant Prism       Conj/Hex       74%        3d29      0%          4
e - Iskenderun's Mystic   Conj/Tloc      100%       2d19      0%          4
f - Summon Small Mammal   Summ           100%       N/A       0%          1
g - Static Discharge      Conj/Air       100%       2-7/arc   0%          2
h - Call Canine Familiar  Summ           100%       N/A       0%          3
i - Summon Lightning Spi  Summ/Air       100%       N/A       0%          4
j - Arcjolt               Conj/Air       74%        1d84      0%          5
k - Plasma Beam           Fire/Air       62%        2x1d56    0%          5
l - Statue Form           Tmut/Erth      82%        N/A       0%          6
m - Summon Hydra          Summ           62%        N/A       1%          7
n - Malign Gateway        Summ/Tloc      62%        N/A       1%          7
o - Monstrous Menagerie   Summ           62%        N/A       1%          7
p - Orb of Destruction    Conj           74%        9d17      1%          7
Your spell library was empty.

Dungeon Overview and Level Annotations

Branches:
Dungeon (15/15)            Temple (1/1) D:6            Lair (5/5) D:8
  Swamp (4/4) Lair:2        Snake (4/4) Lair:2        Slime (0/5) Lair:5
    Orc (2/2) D:9             Elf (2/3) Orc:2        Vaults (3/5) D:14
  Crypt (1/3) Vaults:2     Depths (1/4) D:15          Sewer (visited)
  IceCv (visited)         Gauntlet (visited)

Altars:
Ashenzari
Cheibriados
Dithmenos
Qazlal
Ru
Uskayaw
Xom
Zin
Jiyva
Lugonu

Shops:
D:1 [   D:2 (   Orc:2 ?:([   Snake:1 ?[=   Snake:3 =   Vaults:2 ?   Vaults:3 (

Annotations:
Vaults:3 1 transporter, Vivivvi's ghost, veteran DjCj


Innate Abilities, Weirdness & Mutations

You are immune to sickness and miasma.
You are immune to poison.
Your flesh is very heat resistant. (rF++)
You are vulnerable to cold. (rC-)
You float through the air rather than walking.
You learn spells naturally, not from books.
Your magical power is your life essence.
You have superior vitality. (+4 MHP)
You occasionally shout uncontrollably at your foes.


Message History

The bolt of lightning hits the ball lightning.
The ball lightning completely resists.
The fiery plasma hits Vivivvi's ghost.
Vivivvi's ghost completely resists.
Vivivvi's ghost is moderately damaged.
The fiery plasma hits the ball lightning.
The ball lightning completely resists.
The ball lightning explodes!
The blast of lightning engulfs the eldritch tentacle.
The eldritch tentacle completely resists.
The blast of lightning engulfs you!!!
* * * LOW HITPOINT WARNING * * *
The blast of lightning engulfs Vivivvi's ghost!
Vivivvi's ghost resists.
The blast of lightning engulfs the eldritch tentacle segment.
The eldritch tentacle segment completely resists.
The blast of lightning engulfs the ball lightning.
The ball lightning completely resists.
The blast of lightning engulfs the ball lightning.
The ball lightning completely resists.
You block the eldritch tentacle's attack. x2
The ball lightning explodes!
The blast of lightning engulfs you!!
* * * LOW HITPOINT WARNING * * *
The blast of lightning engulfs Vivivvi's ghost!
Vivivvi's ghost resists.
The blast of lightning engulfs the ball lightning.
The ball lightning completely resists.
The blast of lightning engulfs the eldritch tentacle.
The eldritch tentacle completely resists.
The blast of lightning engulfs the eldritch tentacle segment.
The eldritch tentacle segment completely resists.
The blast of lightning engulfs the eldritch tentacle segment.
The eldritch tentacle segment completely resists.
The blast of lightning engulfs the eldritch tentacle segment.
The eldritch tentacle segment completely resists.
Vivivvi's ghost mumbles some strange words.
An eight-headed hydra appears.
The eldritch tentacle slaps you but does no damage.
The eldritch tentacle claws you!!
You die...

#.#...#.## #.................#
####.#### #.................#
####'#######..#############..#
...........'..#©..........#..#
...........'..#...........#..#
...........#..#..###.###.$#..#
...........#..#..#8#.#8#.)#..#
...........#..#.Dw───°...!#..#
######.....#.©#.@W*.©*...:#©.#
#.....#..#...§°○....:#..#
#.....#.?#..#8#.#8#.$#..#
#.....#..#..###.###..#..#
#.....#..#...........#..#
#.....#..#........W..#..#
######.....#..#############..#
.....#.....#.................#
...#.#.....#.................#


You could see an eldritch tentacle, an eight-headed hydra (summoned), Vivivvi's
ghost and a ball lightning (wandering).

Vanquished Creatures
  A dread lich (Vaults:3)
  Vashnia (Snake:2)
  Nikola (Snake:2)
  2 liches (Vaults:3)
  A deep elf blademaster (Elf:2)
  An ancient champion (Crypt:1)
  A sphinx (Vaults:3)
  4 thorn hunters
  Agnes (D:14)
  2 revenants
  A shadow dragon (Vaults:3)
  The ghost of Leosebu the Warrior, an adept DjCj of Ashenzari (Orc:1)
  A rockslime (IceCv)
  A fire giant (Vaults:3)
  The ghost of jazmu the Marksdemonspawn, an adept DsHu of Okawaru (Snake:3)
  An azure jelly (IceCv)
  The ghost of Exigax the Severer, a journeyman MiBe of Trog (Snake:3)
  Roxanne (Swamp:4)
  Aizul (Snake:1)
  2 nagarajas (Snake:4)
  6 vault wardens
  A curse skull (Crypt:1)
  A ghoul (Crypt:1)
  A reaper (Gauntlet)
  8 ironbound preservers
  3 very ugly things (Vaults:2)
  4 quicksilver oozes (IceCv)
  6 ironbound thunderhulks
  A stone giant (Vaults:3)
  An eleionoma (Swamp:1)
  4 vampire knights (Crypt:1)
  A deep elf annihilator (Vaults:3)
  A bunyip (Swamp:3)
  5 dire elephants
  A minotaur (Gauntlet)
  4 deep elf death magi
  A jiangshi (Crypt:1)
  3 shambling mangroves
  10 yaktaur captains
  A spectral shadow dragon (Vaults:3)
  A deep elf high priest (Vaults:2)
  A peacekeeper (Vaults:2)
  14 hydras
  Fannar (Lair:2)
  2 great orbs of eyes
  A merfolk avatar (Lair:5)
  3 death knights
  11 vault guards
  6 ghost crabs (Swamp:3)
  2 ironbound frosthearts
  6 boulder beetles
  11 centaur warriors
  14 anacondas
  2 two-headed ogres
  6 alligators
  7 death yaks
  14 naga warriors
  21 dancing weapons
  3 orc high priests (Orc:2)
  A spriggan berserker (Swamp:4)
  18 naga sharpshooters
  A vampire mage (Crypt:1)
  Urug (D:12)
  6 shock serpents
  A salamander mystic (Snake:4)
  3 skysharks
  5 deep elf knights
  4 goliath frogs
  A flayed ghost (Vaults:3)
  8 sea snakes
  5 anaconda zombies (Snake:2)
  5 spectral anacondas (Snake:2)
  A skeletal warrior (Crypt:1)
  6 large abominations (Elf:1)
  3 glowing orange brains
  8 swamp dragons (Swamp:4)
  7 spriggan druids
  10 ironbound convokers
  3 bog bodies
  26 deep trolls
  4 deep elf archers
  3 wizards
  3 necromancers
  5 lindwurms
  An obsidian statue (Gauntlet)
  9 naga ritualists
  5 orc knights
  2 orange crystal statues
  17 deep elf zephyrmancers
  11 mana vipers
  Pikel (D:7)
  4 phantasmal warriors (Crypt:1)
  An anaconda skeleton (Snake:2)
  14 deep elf pyromancers
  An oklob plant (Swamp:2)
  9 orc sorcerers
  19 ugly things
  10 salamanders
  8 cyclopes
  A fire giant zombie (Vaults:3)
  4 will-o-the-wisps
  A faun (shapeshifter) (Elf:1)
  A sphinx skeleton (Vaults:2)
  5 vault sentinels
  5 apocalypse crabs (Swamp:3)
  2 guardian serpents
  24 black mambas
  4 manticores
  10 elephants
  Joseph (D:8)
  2 centaur zombies (D:15)
  13 naga magi
  A torpor snail (Lair:2)
  Maggie (D:7)
  12 cane toads
  A black draconian zombie (Crypt:1)
  14 yaktaurs
  An unseen horror (D:12)
  An alligator snapping turtle skeleton (Crypt:1)
  An efreet (D:14)
  6 freezing wraiths
  6 rime drakes
  12 komodo dragons
  2 tengu conjurers
  A guardian mummy (Crypt:1)
  6 anaconda simulacra (Snake:2)
  A troll (shapeshifter) (D:15)
  2 trolls
  A meliai (shapeshifter) (D:13)
  A hellwing (Gauntlet)
  A wind drake (Lair:5)
  6 polar bears
  17 blink frogs
  9 hornets
  3 tyrant leeches
  A shadow dragon simulacrum (Vaults:3)
  A snapping turtle (Lair:5)
  A stone giant simulacrum (Vaults:3)
  9 dream sheep
  23 slime creatures
  4 shadows
  An air elemental (Elf:1)
  5 flying skulls (Crypt:1)
  5 wyverns
  6 spriggans
  An unseen horror simulacrum (D:8)
  3 water elementals
  36 yaks
  A basilisk (shapeshifter) (D:15)
  5 wraiths
  5 fire elementals
  4 basilisks
  2 steam dragons
  7 vampire mosquitoes
  2 wargs
  11 swamp worms
  A yaktaur simulacrum (Vaults:3)
  Menkaure (D:7)
  40 nagas
  2 acid dragons
  2 hell hounds (D:15)
  6 water moccasins
  21 orc warriors
  Pargi (Sewer)
  4 black bears
  4 swamp drakes
  3 sky beasts (D:7)
  5 ice beasts
  3 great orb of eyes simulacra (IceCv)
  6 ogres
  6 wolves
  5 centaurs
  2 slime creature simulacra (IceCv)
  4 lemures (D:7)
  2 kobold brigands
  10 bullfrogs
  A phantom (D:4)
  3 elf zombies (Elf:1)
  3 glowing shapeshifter simulacra (IceCv)
  2 earth elementals
  2 scorpions
  An oklob sapling (Swamp:2)
  16 killer bees
  A spriggan skeleton (Crypt:1)
  2 howler monkeys
  12 electric eels
  4 hounds
  A human simulacrum (Vaults:2)
  A wyvern simulacrum (Gauntlet)
  2 gnoll boudas (D:7)
  14 orc priests
  A human zombie (Crypt:1)
  A jelly (Lair:5)
  A boggart zombie (D:15)
  8 iguanas
  3 sleepcaps
  23 orc wizards
  A human skeleton (Crypt:1)
  5 centaur simulacra
  2 mummies (Crypt:1)
  16 gnolls
  A swamp drake zombie (Crypt:1)
  9 adders
  3 shadow imps
  A swamp drake skeleton (Crypt:1)
  5 white imps
  An ufetubus (D:6)
  2 worms (D:2)
  4 dart slugs
  49 orcs
  10 ball pythons
  4 endoplasms
  8 giant cockroaches
  8 hobgoblins
  3 jackals (D:3)
  7 quokkas
  4 bats
  6 frilled lizards
  5 goblins
  A hobgoblin zombie (Crypt:1)
  18 kobolds
  5 rats
  2 briar patches (Swamp:2)
  A bush (Lair:4)
  2 fulminant prisms
1190 creatures vanquished.

Vanquished Creatures (collateral kills)
  the Lernaean hydra (Swamp:4)
  A titan (Vaults:3)
  A sphinx (Vaults:1)
  A thorn hunter (Swamp:2)
  6 nagarajas (Snake:4)
  A fire giant (Vaults:2)
  A deep elf sorcerer (Vaults:2)
  A vault warden (Vaults:2)
  An azure jelly (IceCv)
  An ironbound preserver (Vaults:1)
  A ghoul (Crypt:1)
  3 very ugly things
  2 quicksilver oozes (IceCv)
  4 eleionomae
  Azrael (D:15)
  3 dire elephants (Vaults:1)
  A deep elf death mage (Vaults:2)
  2 shambling mangroves
  3 hydras
  An ogre mage (Vaults:3)
  A boulder beetle (D:13)
  2 anacondas
  A ghost crab (Swamp:4)
  5 naga warriors
  A two-headed ogre (D:9)
  10 dancing weapons
  3 death yaks
  4 alligators
  2 naga sharpshooters
  A titan zombie (Vaults:2)
  A shock serpent (Snake:4)
  5 deep elf knights (Elf:2)
  2 skysharks
  A salamander mystic (Snake:3)
  A shadow wraith (Vaults:3)
  3 sea snakes (Snake:4)
  A spriggan druid (Swamp:3)
  3 swamp dragons
  2 ironbound convokers
  A deep elf archer (Elf:1)
  3 naga ritualists
  2 bog bodies (Crypt:1)
  A deep troll (Vaults:1)
  A glowing orange brain (Vaults:1)
  A lindwurm (Lair:2)
  2 wizards (Vaults:2)
  2 phantasmal warriors
  2 necromancers (Vaults:2)
  2 deep elf zephyrmancers (Elf:2)
  2 deep elf pyromancers (Elf:2)
  5 mana vipers
  9 ugly things
  A will-o-the-wisp (Swamp:3)
  10 black mambas
  2 salamanders (Snake:4)
  2 elephants
  7 naga magi
  A guardian serpent (Snake:4)
  A cane toad (Lair:4)
  A freezing wraith (Vaults:3)
  2 rime drakes
  An anaconda simulacrum (Snake:2)
  A komodo dragon (Lair:2)
  3 yaktaurs (Vaults:2)
  2 guardian mummies (Crypt:1)
  A red draconian skeleton (Crypt:1)
  3 hornets
  3 blink frogs
  A dream sheep (Lair:5)
  2 slime creatures (Lair:5)
  A spriggan (Swamp:1)
  4 yaks
  A basilisk (Lair:5)
  3 fire elementals
  2 steam dragons
  2 vampire mosquitoes (D:13)
  6 nagas
  6 swamp worms
  2 water moccasins
  A glowing shapeshifter skeleton (Vaults:2)
  3 orc warriors (Orc:2)
  A slime creature simulacrum (IceCv)
  An earth elemental (Elf:2)
  A bullfrog (Lair:2)
  3 human skeletons (Crypt:1)
  7 orc priests
  2 orc wizards
  A tengu skeleton (Crypt:1)
  A mummy (Crypt:1)
  A gnoll (Orc:1)
  A shadow imp (Gauntlet)
  9 orcs
  A hobgoblin (D:4)
222 creatures vanquished.

Vanquished Creatures (others)
  15 eldritch tentacles
  A salamander (Snake:2)
  2 black mambas
  A tyrant leech (Swamp:4)
  A naga (Snake:2)
  An orc priest (Orc:2)
  2 ball lightnings (Vaults:3)
  14 demonic plants (Gauntlet)
  4 foxfires (Swamp:4)
  285 fulminant prisms
  48 fungi
  93 plants
467 creatures vanquished.

Grand Total: 1879 creatures vanquished

Notes
Turn   | Place    | Note
-------+----------+-------------------------------------------
     0 | D:1      | ywein the Djinni Conjurer began the quest for the Orb.
     0 | D:1      | ywein set off with the following spells memorised: Magic
                  | Dart, Searing Ray, Dazzling Flash, Fulminant Prism,
                  | Iskenderun's Mystic Blast.
     0 | D:1      | Reached XP level 1. HP: 15/15 MP: 0/0
    98 | D:1      | Reached XP level 2. HP: 20/21 MP: 0/0
   368 | D:1      | Reached XP level 3. HP: 23/25 MP: 0/0
   368 | D:1      | Learned a level 1 spell: Summon Small Mammal
   816 | D:1      | Found Ocsiu's Antique Armour Boutique.
   833 | D:1      | Reached skill level 4 in Spellcasting
  1183 | D:2      | Found Wummegia's Antique Weapon Shoppe.
  1294 | D:2      | Reached XP level 4. HP: 27/31 MP: 0/0
  1882 | D:3      | Reached XP level 5. HP: 33/35 MP: 0/0
  1882 | D:3      | Learned a level 2 spell: Static Discharge
  2332 | D:4      | Noticed a phantom
  2345 | D:4      | Killed a phantom
  2346 | D:4      | Reached skill level 5 in Spellcasting
  2504 | D:4      | Reached XP level 6. HP: 30/40 MP: 0/0
  3080 | D:4      | Noticed an ogre
  3088 | D:4      | Killed an ogre
  3089 | D:4      | Reached skill level 6 in Spellcasting
  3089 | D:4      | Reached XP level 7. HP: 24/45 MP: 0/0
  3089 | D:4      | Learned a level 3 spell: Call Canine Familiar
  3576 | D:5      | Entered Level 5 of the Dungeon
  3722 | D:5      | Found a glowing drain.
  3747 | Sewer    | Entered a sewer
  3890 | Sewer    | Noticed Pargi
  3900 | Sewer    | Killed Pargi
  3901 | Sewer    | Reached skill level 7 in Spellcasting
  4678 | D:5      | Reached XP level 8. HP: 41/50 MP: 0/0
  4911 | D:5      | Identified the +3 dagger of Piromn {flame, rElec rN+
                  | Stlth+}
  5659 | D:6      | Reached skill level 8 in Spellcasting
  6030 | D:6      | Reached XP level 9. HP: 26/55 MP: 0/0
  6030 | D:6      | Learned a level 4 spell: Summon Lightning Spire
  6059 | D:6      | Found a staircase to the Ecumenical Temple.
  6068 | Temple   | Entered the Ecumenical Temple
  6127 | Temple   | Became a worshipper of Ashenzari the Shackled
  6516 | D:7      | Reached skill level 9 in Spellcasting
  6745 | D:7      | Noticed Menkaure
  6748 | D:7      | Killed Menkaure
  6817 | D:7      | Noticed Pikel
  6826 | D:7      | Killed Pikel
  6827 | D:7      | Reached skill level 10 in Spellcasting
  7051 | D:7      | Noticed Maggie
  7065 | D:7      | Killed Maggie
  7066 | D:7      | Reached XP level 10. HP: 49/60 MP: 0/0
  7366 | D:7      | Reached * piety under Ashenzari
  7519 | D:8      | Reached skill level 11 in Spellcasting
  7521 | D:8      | Noticed a rime drake
  7528 | D:8      | Killed a rime drake
  7614 | D:8      | Reached skill level 12 in Spellcasting
  7617 | D:8      | Found a staircase to the Lair.
  7769 | D:8      | Noticed Joseph
  7784 | D:8      | HP: 2/60 [Joseph/sling bullet (18)]
  7784 | D:8      | Killed Joseph
  7785 | D:8      | Reached XP level 11. HP: 2/65 MP: 0/0
  7785 | D:8      | Learned a level 5 spell: Arcjolt
  8408 | D:9      | Reached ** piety under Ashenzari
  8507 | D:9      | Found a staircase to the Orcish Mines.
  8798 | D:9      | Noticed a two-headed ogre
  8805 | D:9      | Killed a two-headed ogre
  8806 | D:9      | Reached skill level 13 in Spellcasting
  9103 | D:10     | Entered Level 10 of the Dungeon
  9277 | D:10     | Noticed a centaur warrior
  9285 | D:10     | Killed a centaur warrior
  9344 | D:10     | Noticed a two-headed ogre
  9351 | D:10     | Killed a two-headed ogre
  9401 | D:10     | Reached *** piety under Ashenzari
  9581 | D:10     | Reached skill level 14 in Spellcasting
  9593 | D:10     | Reached skill level 1 in Fighting
  9593 | D:10     | Reached XP level 12. HP: 34/76 MP: 0/0
 10688 | D:12     | Noticed a two-headed ogre
 10694 | D:12     | Killed a two-headed ogre
 10795 | D:12     | Noticed Urug
 10812 | D:12     | Killed Urug
 10952 | D:12     | Reached **** piety under Ashenzari
 11008 | D:12     | Reached skill level 5 in Dodging
 11054 | D:12     | Identified the +1 robe of Bolypla {Str+3}
 11571 | D:12     | Reached ***** piety under Ashenzari
 11930 | Lair:1   | Entered Level 1 of the Lair of Beasts
 11971 | Lair:1   | Reached skill level 5 in Fighting
 11971 | Lair:1   | Reached XP level 13. HP: 62/94 MP: 0/0
 11971 | Lair:1   | Learned a level 5 spell: Plasma Beam
 11973 | Lair:1   | Reached skill level 5 in Stealth
 12699 | Lair:2   | Found a staircase to the Snake Pit.
 12750 | Lair:2   | Noticed Fannar
 12875 | Lair:2   | Noticed a five-headed hydra
 12879 | Lair:2   | Killed a five-headed hydra
 12910 | Lair:2   | Killed Fannar
 13481 | Lair:2   | Noticed a four-headed hydra
 13487 | Lair:2   | Killed a four-headed hydra
 13548 | Lair:2   | Found a staircase to the Swamp.
 13651 | Lair:2   | Reached skill level 1 in Armour
 13651 | Lair:2   | Reached skill level 1 in Shields
 14221 | Lair:3   | Reached skill level 15 in Spellcasting
 14240 | Lair:3   | Reached XP level 14. HP: 60/103 MP: 0/0
 14348 | Lair:3   | Found a gate leading to a gauntlet.
 14357 | Gauntlet | Entered a Gauntlet
 14357 | Gauntlet | Found a transporter.
 14357 | Gauntlet | Found a transporter.
 14357 | Gauntlet | Found a large runed translucent door.
 14357 | Gauntlet | Found a large runed translucent door.
 14357 | Gauntlet | Found a large runed translucent door.
 14357 | Gauntlet | Found a large runed translucent door.
 14357 | Gauntlet | Found a large runed translucent door.
 14357 | Gauntlet | Found a large runed translucent door.
 14357 | Gauntlet | Found a runed translucent door.
 14357 | Gauntlet | Found a runed translucent door.
 14357 | Gauntlet | Found a large runed translucent door.
 14357 | Gauntlet | Found a large runed translucent door.
 14357 | Gauntlet | Found a large runed translucent door.
 14357 | Gauntlet | Found a large runed translucent door.
 14357 | Gauntlet | Found a large runed translucent door.
 14357 | Gauntlet | Found a large runed translucent door.
 14361 | Gauntlet | Found a transporter.
 14361 | Gauntlet | Found a transporter.
 14362 | Gauntlet | Found a large runed translucent door.
 14362 | Gauntlet | Found a large runed translucent door.
 14362 | Gauntlet | Found a large runed translucent door.
 14362 | Gauntlet | Found a large runed translucent door.
 14371 | Gauntlet | Identified the ring "Nuverr" {Fly rElec rN+ Dex+3 Stlth-}
 14375 | Gauntlet | Found a transporter.
 14378 | Gauntlet | Noticed a dire elephant
 14380 | Gauntlet | Found a transporter.
 14381 | Gauntlet | Found a transporter.
 14381 | Gauntlet | Found a transporter.
 14384 | Gauntlet | Noticed a reaper
 14386 | Gauntlet | Found a transporter.
 14420 | Gauntlet | Found a transporter.
 14438 | Gauntlet | Found a transporter.
 14457 | Gauntlet | Found a runed translucent gate.
 14457 | Gauntlet | Found a runed translucent gate.
 14457 | Gauntlet | Found a runed translucent gate.
 14459 | Gauntlet | Found a transporter.
 14504 | Gauntlet | Found a transporter.
 14514 | Gauntlet | Noticed a reaper
 14520 | Gauntlet | Found a transporter.
 14529 | Gauntlet | Identified the +1 dagger "Pydwargh" {elec, rF+ Will+}
 14623 | Gauntlet | Found a transporter.
 14641 | Gauntlet | Found a transporter.
 14642 | Gauntlet | Identified the staff of conjuration "Kuheylapp" {Will+
                  | Str+4}
 14877 | Gauntlet | Killed a reaper
 14934 | Gauntlet | Identified the +5 scale mail of Xiab Foa {rC- rN+++ Str-5
                  | SInv}
 14934 | Gauntlet | Noticed a minotaur
 14941 | Gauntlet | Killed a minotaur
 15143 | Lair:3   | Found the +13 scythe of Curses {drain, curses, Drain}
 16769 | Orc:1    | Entered Level 1 of the Orcish Mines
 16913 | Orc:2    | Entered Level 2 of the Orcish Mines
 17061 | Orc:2    | Found a staircase to the Elven Halls.
 17417 | Orc:2    | Gained mutation: You occasionally shout uncontrollably at
                  | your foes. [a neqoxec]
 17571 | Orc:2    | Reached XP level 15. HP: 101/116 MP: 0/0
 17571 | Orc:2    | Learned a level 6 spell: Statue Form
 17601 | Orc:2    | Found Pelal's Antique Armour Boutique.
 17732 | Orc:2    | Found Deajeul's Weapon Shoppe.
 17736 | Orc:2    | Bought a heavily jewelled robe for 182 gold pieces
 17736 | Orc:2    | Identified the +1 robe of Melancholy {rElec Str+8 Dex-3}
                  | (You bought it in a shop on level 2 of the Orcish Mines)
 17739 | Orc:2    | Found Vige's Book Shoppe.
 17741 | Orc:2    | Found Yjoocsom's Magic Scroll Boutique.
 18040 | Orc:1    | Found a transporter.
 18043 | Orc:1    | Noticed Leosebu's ghost (adept DjCj)
 18045 | Orc:1    | Found a transporter.
 18058 | Orc:1    | Identified the +1 scale mail of Perpetual Drought {rCorr}
 18070 | Orc:1    | Reached skill level 5 in Armour
 18199 | Orc:1    | Reached skill level 5 in Shields
 18215 | Orc:1    | Killed Leosebu's ghost
 18501 | D:13     | Reached skill level 10 in Fighting
 18661 | D:13     | Found a stormy altar of Qazlal.
 18962 | D:14     | Reached skill level 16 in Spellcasting
 19044 | D:14     | Identified the +6 plate armour of the Salamander {Stlth+}
 19176 | D:14     | Noticed Agnes
 19191 | D:14     | Killed Agnes
 19217 | D:14     | Found a gate to the Vaults.
 19422 | D:14     | Found a frozen archway.
 19453 | IceCv    | Entered an ice cave
 19489 | IceCv    | Noticed a quicksilver ooze
 19492 | IceCv    | Killed a quicksilver ooze
 19495 | IceCv    | Noticed a quicksilver ooze
 19496 | IceCv    | Killed a quicksilver ooze
 19499 | IceCv    | Noticed a quicksilver ooze
 19501 | IceCv    | Noticed a quicksilver ooze
 19503 | IceCv    | Killed a quicksilver ooze
 19504 | IceCv    | Killed a quicksilver ooze
 19720 | IceCv    | Noticed an azure jelly
 19724 | IceCv    | Killed an azure jelly
 19742 | IceCv    | Noticed a quicksilver ooze
 19746 | IceCv    | Noticed an azure jelly
 19750 | IceCv    | Killed a quicksilver ooze
 19761 | IceCv    | Killed an azure jelly
 19766 | IceCv    | Reached XP level 16. HP: 57/128 MP: 0/0
 19783 | IceCv    | Noticed a rockslime
 19795 | IceCv    | Killed a rockslime
 19892 | IceCv    | Found a viscous altar of Jiyva.
 19898 | IceCv    | Identified the ring of Parex {Drain rPois rC+ Int+2 SInv}
 19899 | IceCv    | Identified the amulet of Dogma {RegenMP +Blink rC+ Str-4}
 20221 | D:15     | Entered Level 15 of the Dungeon
 20555 | D:15     | Noticed Azrael
 20563 | D:15     | Killed Azrael
 20754 | D:15     | Found a shadowy altar of Dithmenos.
 21018 | D:15     | Found a staircase to the Depths.
 21464 | Lair:5   | Entered Level 5 of the Lair of Beasts
 21662 | Lair:5   | Reached ****** piety under Ashenzari
 21870 | Lair:5   | Identified the cursed +2 pair of gloves "Pangnostic Oracle"
                  | {Str+3, Self, Range} (You found it on level 2 of the Lair
                  | of Beasts)
 21870 | Lair:5   | Identified the cursed +0 troll leather armour "Gaze Upon
                  | Infinity" {Regen+, Pargi, Evo, Self} (You found it in a
                  | sewer)
 21966 | Lair:5   | Found a staircase to the Slime Pits.
 21966 | Lair:5   | Found a viscous altar of Jiyva.
 22389 | Lair:5   | Identified the +11 mace of Duty {drain, rN+}
 22588 | Snake:1  | Entered Level 1 of the Snake Pit
 22588 | Snake:1  | Found Gicroa's Magic Scroll Shoppe.
 22625 | Snake:1  | Reached XP level 17. HP: 121/138 MP: 0/0
 22625 | Snake:1  | Learned a level 7 spell: Summon Hydra
 22691 | Snake:1  | Found Zuopaibe's Antique Weapon Shop.
 22876 | Snake:1  | Found Reaxtyby's Jewellery Shop.
 22932 | Snake:1  | Found Heziutz's Armour Boutique.
 22941 | Snake:1  | Bought the +4 robe of Folly {Brill Will-∞ Int+8} for 534
                  | gold pieces
 22941 | Snake:1  | Found the +4 robe of Folly {Brill Will-∞ Int+8}
 22941 | Snake:1  | Bought the +0 ring mail "Hobunimp" {Contam rCorr Int+8} for
                  | 333 gold pieces
 22948 | Snake:1  | Bought a ring of resist corrosion for 360 gold pieces
 23713 | Snake:2  | Noticed Aizul
 23729 | Snake:1  | Killed Aizul
 23872 | Snake:2  | Found a flickering gateway to a bazaar.
 23881 | Bazaar   | Entered a bazaar
 23881 | Bazaar   | Found Talalil's Weapon Shoppe.
 23881 | Bazaar   | Found Kialiecw's General Store.
 23883 | Bazaar   | Found Jarukirch's Assorted Antiques.
 23899 | Bazaar   | Found Kemyaseh's Distillery.
 23922 | Bazaar   | Bought a fabulously ornate robe for 102 gold pieces
 23922 | Bazaar   | Identified the +1 robe of Vipeke {rC+++ Str-5 Slay+4
                  | Stlth+} (You bought it in a shop in a bazaar)
 23960 | Snake:2  | Noticed Nikola
 24167 | Snake:2  | Killed Nikola
 24251 | Snake:2  | Noticed Vashnia
 24262 | Snake:2  | Reached skill level 10 in Armour
 24266 | Snake:2  | Killed Vashnia
 24267 | Snake:2  | Reached skill level 10 in Shields
 24293 | Snake:2  | Reached skill level 10 in Dodging
 24310 | Snake:2  | Reached XP level 18. HP: 55/151 MP: 0/0
 24517 | Snake:2  | Reached skill level 17 in Spellcasting
 25215 | Snake:3  | Found Hukkuerru's Jewellery Emporium.
 25759 | Snake:3  | Found a runed translucent gate.
 25759 | Snake:3  | Found a runed translucent gate.
 25760 | Snake:3  | Found a runed translucent gate.
 25762 | Snake:3  | Noticed Exigax's ghost (journeyman MiBe)
 25764 | Snake:3  | Noticed jazmu's ghost (adept DsHu)
 25765 | Snake:3  | Identified Xuyruu's Compilation of Flame
 26339 | Snake:3  | Killed Exigax's ghost
 26343 | Snake:3  | Killed jazmu's ghost
 26344 | Snake:3  | Reached skill level 1 in Polearms
 26483 | Snake:4  | Entered Level 4 of the Snake Pit
 27068 | Snake:4  | Reached XP level 19. HP: 114/158 MP: 0/0
 27068 | Snake:4  | Learned a level 7 spell: Malign Gateway
 27306 | Snake:4  | Got a serpentine rune of Zot
 28030 | Swamp:1  | Entered Level 1 of the Swamp
 28673 | Swamp:2  | Reached skill level 10 in Stealth
 29764 | Swamp:3  | Found a runed translucent door.
 29853 | Swamp:3  | Reached XP level 20. HP: 156/167 MP: 0/0
 29912 | Swamp:3  | Paralysed by you for 4 turns
 30389 | Swamp:4  | Entered Level 4 of the Swamp
 30663 | Swamp:4  | Noticed the 27-headed Lernaean hydra
 30676 | Swamp:4  | Killed the 27-headed Lernaean hydra
 30808 | Swamp:4  | Identified Roxanne's Papyrus of Transfiguration
 30808 | Swamp:4  | Noticed Roxanne
 30830 | Swamp:4  | Killed Roxanne
 31052 | Swamp:4  | Got a decaying rune of Zot
 31474 | Elf:1    | Entered Level 1 of the Elven Halls
 31905 | Elf:1    | Identified the Volume of the Damned
 32335 | Elf:2    | Reached skill level 15 in Fighting
 32728 | Elf:2    | Found Idanu's General Store.
 32887 | Elf:2    | Found a runed translucent gate.
 32888 | Elf:2    | Found a runed translucent gate.
 32888 | Elf:2    | Found a runed translucent gate.
 33091 | Elf:2    | Reached XP level 21. HP: 74/175 MP: 0/0
 33091 | Elf:2    | Learned a level 7 spell: Monstrous Menagerie
 33998 | Depths:1 | Entered Level 1 of the Depths
 34092 | Vaults:1 | Entered Level 1 of the Vaults
 34135 | Vaults:1 | Reached skill level 18 in Spellcasting
 35025 | Vaults:1 | Reached skill level 1 in Evocations
 35080 | Vaults:1 | Found a portal to a secret trove of treasure.
 35125 | Vaults:1 | You paid a toll of 5 scrolls of fear to enter a treasure
                  | trove
 35126 | Trove    | Entered a treasure trove
 35161 | Trove    | Identified the amulet "Joizaockod" {Will- Regen+ rCorr
                  | Dex+5}
 35162 | Trove    | Identified the amulet "Duuha" {Reflect Harm rF+ SH+5}
 35487 | Vaults:1 | Identified the +5 short sword of Beovvataor {freeze,
                  | Stlth+}
 35825 | Vaults:2 | Reached XP level 22. HP: 171/178 MP: 0/0
 36579 | Vaults:2 | Found Jiasost's Magic Scroll Shop.
 37014 | Vaults:2 | Reached skill level 5 in Evocations
 37046 | Vaults:2 | Found a staircase to the Crypt.
 37269 | Crypt:1  | Entered Level 1 of the Crypt
 37644 | Crypt:1  | Found a corrupted altar of Lugonu.
 38514 | Vaults:3 | Found a transporter.
 38514 | Vaults:3 | Noticed Vivivvi's ghost (veteran DjCj)
 38515 | Vaults:3 | Found a transporter.
 38537 | Vaults:3 | Identified the Thoughts on Flashy Chilblains
 38566 | Vaults:3 | Noticed a dread lich
 38917 | Vaults:3 | Found a transporter.
 38917 | Vaults:3 | Identified the +3 war axe of Truth {heavy, rN+ Will+}
 38929 | Vaults:3 | Found a transporter.
 39175 | Vaults:3 | Found Humut's Weapon Emporium.
 39222 | Vaults:3 | Reached XP level 23. HP: 79/192 MP: 0/0
 39222 | Vaults:3 | Learned a level 7 spell: Orb of Destruction
 39602 | Vaults:3 | Reached skill level 15 in Shields
 39811 | Vaults:3 | Killed a dread lich
 39819 | Vaults:3 | Mangled by an eldritch tentacle

Illustrated notes

Levels and vault maps discovered:
D:1:      scummos_arrival_checkerplants, layout_basic, serial_shops,
          nicolae_shop_advertising_works [nicolae_subvault_shop_adworks],
          chequers_mini_garden, roderic_serpentine_path,
          minmay_shallow_snake_nest
D:2:      layout_rooms, serial_shops, shop, nicolae_figureground_sparkle
D:3:      layout_rooms, small_statue_intersection
D:4:      layout_loops_corners
D:5:      wad_lake_hut, layout_layer_cave, lemuel_blue_sif_altar,
          gup_sewer_entry_glass, minmay_misc_feat_diagonals
D:6:      layout_basic, minmay_temple_entry_tees
D:7:      kennysheep_spiral_hall, layout_cave_pods, uniq_pikel, uniq_maggie,
          uniq_menkaure
D:8:      layout_loops_ring, hellmonk_lair_entry_icy, serial_ice, serial_ice_k,
          serial_ice_o, serial_ice_a, serial_ice_c, serial_ice_b, serial_ice_d,
          dk_rats_in_the_wall, uniq_joseph
D:9:      layout_loops_cross, david_orc_2
D:10:     layout_roguey, serial_co_window_serial, co_window_paths_b,
          co_window_paths_b, co_window_paths_b, co_window_corner_a,
          co_window_paths_b, co_window_corner_b, co_window_broadway_b,
          co_window_of_opportunity_c, co_window_of_opportunity_b,
          co_window_corner_b, co_window_paths_c, co_window_2corner,
          glass_columns_c, hangedman_decor_points, grunt_ministairs_1
D:11:     layout_roguey
D:12:     layout_stronghold, uniq_urug
D:13:     layout_cross, chequers_serial_rivers_small_b,
          nicolae_qazlal_scattered_showers
D:14:     layout_loops_ring, erik_vaults_2, portal_ice_cave_entry_horrid_things,
          uniq_agnes
D:15:     grunt_enter_depths_magical_seal, layout_loops_ring,
          nicolae_dithmenos_through_a_glass_darkly, uniq_azrael
Temple:   mainiacjoe_temple_circle_huts
Lair:1:   layout_loops_ring, serial_bayou_shore_b
Lair:2:   layout_loops_ring, palyth_hydra_swamp_entry,
          guppyfry_snake_entry_garden, serial_bayou_pond_b, st_stairs_9,
          hibernation_bobbens, uniq_fannar
Lair:3:   layout_small_grid, gauntlet_entry_generic, grunt_megastairs_1
Lair:4:   layout_gridlike
Lair:5:   gammafunk_lair_ancient_temple, layout_loops_ring,
          minmay_slime_entry_pillars
Swamp:1:  layout_basic_swamp, evilmike_swamp_ruin_house_4,
          infiniplex_staircase_pool
Swamp:2:  nicolae_swamp_phyte_club, layout_basic_swamp, hangedman_swamp_pad,
          swamp_pool2
Swamp:3:  gammafunk_mikee_crab_dinner, layout_basic_swamp, serial_swamp_ruin,
          hangedman_swamp_ruin_hall, evilmike_swamp_ruin_house_1
Swamp:4:  swamp_old_school, layout_basic_swamp, uniq_roxanne
Snake:1:  layout_basic, serial_shops, shop, shop, minmay_shoptagon,
          serial_bayou_shore_a
Snake:2:  layout_rooms, serial_shops, bzr_in_the_mist,
          nicolae_snake_dead_anacondas, uniq_nikola, uniq_vashnia, uniq_aizul
Snake:3:  layout_layer_cave, serial_shops, shop, gammafunk_ghost_cemetery,
          nicolae_snake_squiggles, nicolae_triple_integral
Snake:4:  grunt_snake_rune_pools, layout_misc_corridors
Orc:1:    layout_caves, gammafunk_ghost_arena
Orc:2:    st_orc_elflike, layout_diamond_mine
Elf:1:    minmay_elf_arrival_plus, layout_rooms, minmay_elf_necromancy
Elf:2:    nicolae_elf_blades_crystal_corner, layout_gridlike, serial_shops,
          shop_fountains
Vaults:1: grunt_vaults_funnel, v_rooms_2, v_misc_27, vaults_dpeg_diagonal,
          nicolae_vaults_what_the_h, nicolae_vaults_circle_grid_a,
          nicolae_vaults_network_square, ontoclasm_vaults_misaligned,
          vaults_dpeg_emergency_exit, v_misc_8, nicolae_vaults_network_quincunx
          [nicolae_vaults_network_quincunx_subvault,
          nicolae_vaults_network_quincunx_subvault,
          nicolae_vaults_network_quincunx_subvault,
          nicolae_vaults_network_quincunx_subvault,
          nicolae_vaults_network_quincunx_subvault], vaults_dpeg_doors,
          layout_vaults_maze_bifur, enter_trove_3
Vaults:2: vaults_mumra_minichess, minmay_crypt_entry_simple_statues,
          hangedman_vaults_variations, nicolae_vaults_theta,
          nicolae_vaults_specimen_jars, vaults_room_glass_cross,
          nicolae_vaults_little_squares_4, ontoclasm_vaults_eye,
          nicolae_vaults_mini_display_case, nicolae_vaults_asterisk,
          vaults_room_grunt_arrival_ludios, layout_vaults_omnigrid,
          serial_shops, nicolae_lakefront_shop
Vaults:3: gammafunk_ghost_mausoleum, nicolae_vaults_triangles, v_misc_22,
          hangedman_vaults_stitches, gammafunk_sealed_arena,
          nicolae_vaults_theta, hangedman_vaults_locks,
          nicolae_vaults_circle_grid_a, vaults_standard_mumra_x,
          ontoclasm_vaults_loading_screen, nicolae_vaults_asterisk,
          vaults_room_stairs_pillars, layout_vaults_ring, serial_shops, shop
Crypt:1:  layout_rooms, nicolae_danse_macabre, grunt_crypt_arrival_guarded_gate,
          grunt_megastairs_2, lemuel_upstairs_altar
Depths:1: layout_forbidden_donut, hangedman_coc_ice_floe,
          chequers_serial_rivers_micro_c, worldfamousw_hep_ancestral_shrine,
          grunt_megastairs_5, minmay_shop_grove

Skill      XL: |  1  2  3  4  5  6  7  8  9 10 11 12 13 14 15 16 17 18 19 20 21 22 23 |
---------------+----------------------------------------------------------------------+-----
Spellcasting   | 4 5 6 7 8 10 12 14 15 16 17 18 | 18.9
Fighting       | 1 5 7 9 11 12 13 14 15 16 17 | 17.1
Dodging        | 3 6 8 10 11 12 13 | 13.7
Stealth        | 2 4 6 7 8 9 10 11 | 11.7
Armour         | 2 4 7 8 10 11 12 13 | 13.3
Shields        | 2 4 7 8 10 11 12 13 14 15 | 15.1
Polearms       | 2 |  2.7
Evocations     | 3 6 7 |  7.5

Action                     |  1- 3 |  4- 6 |  7- 9 | 10-12 | 13-15 | 16-18 | 19-21 | 22-24 || total
---------------------------+-------+-------+-------+-------+-------+-------+-------+-------++-------
  Melee: Dagger            |       |       |     1 |       |     5 |       |       |       ||     6
         Staff             |       |       |       |       |       |     8 |     7 |     2 ||    17
   Cast: Magic Dart        |    78 |    82 |    67 |    24 |     8 |     3 |       |       ||   262
         Searing Ray       |     4 |    12 |    11 |    11 |       |       |       |       ||    38
         Fulminant Prism   |       |     4 |    30 |    82 |    81 |    56 |    32 |     2 ||   287
         Iskenderun's Myst |       |     2 |    48 |    74 |    88 |   123 |    69 |    46 ||   450
         Call Canine Famil |       |       |     1 |     1 |       |       |       |       ||     2
         Dazzling Flash    |       |       |     1 |       |     1 |       |       |     1 ||     3
         Summon Small Mamm |       |       |     1 |     6 |       |       |       |       ||     7
         Summon Lightning  |       |       |       |    10 |    49 |    31 |     3 |       ||    93
         Arcjolt           |       |       |       |     1 |     8 |       |    38 |     9 ||    56
         Plasma Beam       |       |       |       |       |   212 |   287 |   366 |   183 ||  1048
         Statue Form       |       |       |       |       |       |     7 |     2 |       ||     9
         Summon Hydra      |       |       |       |       |       |    15 |    72 |    15 ||   102
         Malign Gateway    |       |       |       |       |       |       |    14 |     1 ||    15
         Monstrous Menager |       |       |       |       |       |       |    22 |    22 ||    44
         Orb of Destructio |       |       |       |       |       |       |       |     9 ||     9
 Invoke: Curse Item        |       |       |     1 |     6 |     4 |     3 |     1 |     2 ||    17
         Shatter the Chain |       |       |       |       |     3 |     2 |     3 |       ||     8
    Use: Potion            |       |       |     1 |       |     2 |     2 |       |     1 ||     6
         Scroll            |       |       |       |       |     2 |     1 |       |       ||     3
   Stab: Distracted        |       |       |       |       |       |       |       |     1 ||     1
 Armour: Robe              |     1 |     4 |     2 |       |       |       |       |       ||     7
         Troll leather arm |       |       |     5 |     8 |    13 |     6 |    11 |       ||    43
         Skin              |       |       |       |       |       |     1 |     2 |       ||     3
         Ring mail         |       |       |       |       |       |       |       |    14 ||    14
  Dodge: Dodged            |     7 |     4 |    14 |    46 |    61 |    75 |    74 |    33 ||   314
         Repelled          |       |       |       |     2 |     4 |    11 |     4 |     3 ||    24
  Block: Tower shield      |       |       |       |       |     8 |   160 |   131 |    96 ||   395

Table legend: (Time is in decaauts)
 A = Elapsed time spent in this place.
 B = Non-inter-level travel time spent in this place.
 C = Inter-level travel time spent in this place.
 D = Time resting spent in this place.
 E = Time spent auto-exploring this place.
 F = Levels seen in this place.
 G = Mean time per level.
                   A        B        C        D        E       F      G
               +--------+--------+--------+--------+--------+-----+--------+
         Total |  40072 |  35580 |   4492 |   5071 |  23623 |  43 |  931.9 |
       Dungeon |  14324 |  12016 |   2308 |   1184 |   9024 |  15 |  954.9 |
        Temple |     81 |     52 |     29 |      0 |     42 |   1 |   81.0 |
          Lair |   5501 |   4724 |    777 |    839 |   3057 |   5 | 1100.2 |
         Swamp |   3281 |   2913 |    368 |    317 |   1987 |   4 |  820.2 |
     Snake Pit |   5238 |   4877 |    361 |    922 |   2918 |   4 | 1309.5 |
  Orcish Mines |   1798 |   1581 |    217 |    483 |    745 |   2 |  899.0 |
   Elven Halls |   2311 |   2205 |    106 |    400 |   1337 |   2 | 1155.5 |
        Vaults |   4578 |   4320 |    258 |    260 |   3231 |   3 | 1526.0 |
         Crypt |   1080 |   1021 |     59 |    332 |    509 |   1 | 1080.0 |
        Depths |     17 |     12 |      5 |      0 |      6 |   1 |   17.0 |
        Bazaar |     49 |     49 |      0 |      0 |     28 |   1 |   49.0 |
         Trove |    113 |    113 |      0 |      0 |     84 |   1 |  113.0 |
         Sewer |    476 |    476 |      0 |    174 |    183 |   1 |  476.0 |
      Ice Cave |    556 |    556 |      0 |    151 |     94 |   1 |  556.0 |
      Gauntlet |    661 |    661 |      0 |      9 |    378 |   1 |  661.0 |
               +--------+--------+--------+--------+--------+-----+--------+

Top non-repeatable levels by time:
Vaults:2: 1747 daAuts
 Snake:3: 1659 daAuts
   Elf:2: 1569 daAuts
Vaults:1: 1466 daAuts
     D:5: 1451 daAuts
  Lair:2: 1427 daAuts
    D:10: 1370 daAuts
Vaults:3: 1363 daAuts
 Snake:1: 1332 daAuts
     D:4: 1312 daAuts
 Snake:4: 1266 daAuts
    D:12: 1232 daAuts
  Lair:3: 1223 daAuts
     D:8: 1172 daAuts
  Lair:5: 1168 daAuts
